AoeStats
← El-Kiody

Black Forest

509910642Analyzed
2v2 RM · 2d ago on Sep 28, 2026· 143m 38s· 4 players
Game mode
Random Map
Map size
Medium (4 player)
Population
200
Speed
Normal
Resources
Standard
Victory
Conquest
Starting age
Dark Age
Ending age
Imperial Age
RankedLock teamsTeams togetherTeam positionsShared explorationLock speedFull tech treeHidden civsTurbo modeCheats
Victory
Defeat
🇲🇽 Chinese · Mexico
420
+21
🇮🇹 Bohemians · Italy
409
+21
🇹🇷 Vietnamese · Türkiye
539
-21
🇹🇷 Teutons · Türkiye
520
-21
El-Kiody
1:11 Loom
16:20 Feudal Age
16:49 Double-Bit Axe
17:56 Wheelbarrow
17:23 Horse Collar
20:41 Town Watch
27:07 Castle Age
28:18 Bow Saw
29:48 Heavy Plow
32:09 Fervor
32:30 Fletching
32:41 Padded Archer Armor
35:22 Hand Cart
38:55 Imperial Age
37:33 Wagenburg Tactics
38:34 Caravan
39:19 Ballistics
40:26 Chemistry
39:48 Ballistics
41:10 Scale Mail Armor
41:21 Forging
41:16 Scale Barding Armor
42:21 Town Patrol
43:39 Conscription
47:20 Hussite Reforms
48:58 Two-Man Saw
48:36 Murder Holes
48:53 Fortified Wall
50:15 Husbandry
49:38 Cavalier
50:28 Squires
50:15 Arson
49:51 Pikeman
51:18 Elite Hussite Wagon
51:35 Light Cavalry
52:49 Block Printing
53:10 Theocracy
53:01 Illumination
52:42 Houfnice
56:28 Halberdier
57:17 Sappers
58:18 Bodkin Arrow
58:39 Leather Archer Armor
58:40 Chain Mail Armor
59:00 Iron Casting
58:46 Chain Barding Armor
58:21 Guard Tower
58:17 Arrowslits
75:36 Keep
75:14 Masonry
94:35 Bracer
95:06 Ring Archer Armor
95:07 Plate Mail Armor
95:38 Blast Furnace
96:31 Architecture
96:24 Bombard Tower
96:10 Siege Engineers
109:29 Elite Skirmisher
jcalderon.n
0:28 Loom
20:23 Feudal Age
22:14 Wheelbarrow
24:37 Double-Bit Axe
25:51 Gold Mining
25:54 Stone Mining
26:03 Horse Collar
39:26 Castle Age
42:35 Bow Saw
43:04 Gold Shaft Mining
43:04 Stone Shaft Mining
42:33 Heavy Plow
44:48 Crossbowman
45:33 Thumb Ring
45:32 Padded Archer Armor
45:23 Fletching
45:41 Scale Barding Armor
45:47 Forging
46:18 Hand Cart
48:09 Chain Barding Armor
48:04 Leather Archer Armor
47:45 Bodkin Arrow
50:23 Iron Casting
50:05 Caravan
50:38 Coinage
54:14 Great Wall
58:21 Imperial Age
57:33 Fortified Wall
57:34 Masonry
57:16 Guard Tower
57:48 Ballistics
64:27 Rocketry
63:33 Elite Chu Ko Nu
64:41 Conscription
65:14 Plate Barding Armor
65:10 Ring Archer Armor
64:41 Bracer
65:42 Blast Furnace
64:42 Scale Mail Armor
64:08 Arbalester
64:09 Elite Skirmisher
65:23 Architecture
65:29 Keep
65:56 Chemistry
64:52 Murder Holes
65:15 Heated Shot
65:12 Arrowslits
69:05 Banking
68:37 Spies/Treason
72:54 Two-Man Saw
mandiranoy
0:28 Loom
18:11 Feudal Age
19:27 Double-Bit Axe
30:17 Castle Age
41:08 Wheelbarrow
45:54 Imperial Age
44:54 Ballistics
46:24 Elite Rattan Archer
49:27 Chemistry
54:40 Paper Money
59:30 Elite Battle Elephant
61:49 Chatras
Adags
1:34 Loom
1:41 Loom
17:55 Feudal Age
18:45 Horse Collar
23:16 Double-Bit Axe
28:03 Castle Age
27:24 Gold Mining
31:46 Heavy Plow
34:04 Stone Mining
35:14 Wheelbarrow
34:35 Fletching
35:28 Stone Shaft Mining
34:55 Town Watch
36:09 Bodkin Arrow
40:12 Imperial Age
39:18 Town Patrol
41:38 Bow Saw
42:13 Crop Rotation
42:50 Padded Archer Armor
42:19 Elite Teutonic Knight
43:57 Fortified Wall
44:07 Leather Archer Armor
44:17 Forging
45:26 Ring Archer Armor
45:22 Crenellations
44:32 Elite Skirmisher
44:39 Pikeman
45:37 Squires
46:25 Iron Casting
45:44 Imperial Skirmisher
48:07 Chemistry
47:31 Halberdier
48:01 Arson
49:21 Blast Furnace
48:22 Scale Mail Armor
48:22 Cavalier
49:16 Masonry
50:13 Two-Man Saw
50:19 Scale Barding Armor
50:46 Hand Cart
53:38 Chain Mail Armor
53:44 Chain Barding Armor
53:00 Paladin
57:43 Plate Mail Armor
57:50 Plate Barding Armor
57:44 Conscription
58:31 Heated Shot
62:23 Onager
65:21 Siege Onager
Connection lost

Rejoining the realm…

Still unreachable

The connection could not be restored.

Session expired

The server has moved on; the page needs a fresh start.